[ AOE2 MATCH · #470235759 ]
UnrankedFranks vs Mongols
Player's team · WIN
Rival team · LOSS
[ REPLAY ANALYSIS · EXTRACTED FROM THE RECORDED GAME ]
Feudal
9:35
Castle
20:58
Imperial
40:57
| APM avg | 25.9 |
| APM peak | 53 |
| eAPM avg | 14.4 |
| Villagers / military | 152 / 198 |
Focus
⚔️ 26.6% · 🌾 73.4%
Knight ×93 · Spearman ×85 · Monk ×7 · Bombard Cannon ×5 · Trebuchet (Packed) ×5 · Scout Cavalry ×3
Feudal
8:45
Castle
22:44
Imperial
37:41
| APM avg | 38.0 |
| APM peak | 76 |
| eAPM avg | 18.0 |
| Villagers / military | 148 / 98 |
Focus
⚔️ 30.6% · 🌾 69.4%
Mangudai ×53 · Camel Scout ×28 · Spearman ×11 · Scout Cavalry ×3 · Trebuchet (Packed) ×3
Match map
Initial resources + every placement click. Lines = walls · curves = elevation contours. ◆ gold · ⬟ stone · ● berries · ✦ relic · ◌ wall gap
Your base· ✓ Closed at 20:58 · 36t walls · 2 gate(s)
jaxteller's base· Open — 11t gap
Smoothed initial terrain · ◌ = detected wall gap · hover for details
Inputs per minute
— A Pink Elephant - - jaxteller
Build order — A Pink Elephant
First 150 of 416 actions detected
| 0:01 | Create | Villager (Male) |
| 0:02 | Create | Villager (Male) |
| 0:03 | Build | House |
| 0:05 | Build | House |
| 0:09 | Create | Villager (Male) |
| 0:09 | Create | Villager (Male) |
| 1:29 | Create | Villager (Male) |
| 1:53 | Build | Lumber Camp |
| 2:17 | Create | Villager (Male) |
| 2:17 | Create | Villager (Male) |
| 3:06 | Create | Villager (Male) |
| 3:09 | Create | Villager (Male) |
| 3:44 | Build | House |
| 3:58 | Create | Villager (Male) |
| 4:04 | Build | Mill |
| 4:07 | Create | Villager (Male) |
| 4:48 | Create | Villager (Male) |
| 5:20 | Create | Villager (Male) |
| 5:21 | Create | Villager (Male) |
| 5:47 | Research | Loom |
| 7:25 | Research | Feudal Age |
| 7:35 | Build | Barracks |
| 7:38 | Build | House |
| 9:35 | Age | Feudal Age |
| 9:43 | Build | Stable |
| 9:44 | Create | Villager (Male) |
| 9:45 | Create | Villager (Male) |
| 9:46 | Research | Double-Bit Axe |
| 10:26 | Create | Spearman |
| 10:26 | Create | Spearman |
| 10:31 | Build | Farm |
| 10:40 | Create | Villager (Male) |
| 10:45 | Build | House |
| 10:47 | Create | Scout Cavalry |
| 10:48 | Create | Scout Cavalry |
| 10:48 | Create | Scout Cavalry |
| 10:54 | Create | Spearman |
| 11:01 | Build | Farm |
| 11:17 | Create | Villager (Male) |
| 11:23 | Build | Farm |
| 11:33 | Build | Farm |
| 11:42 | Build | House |
| 11:51 | Build | Palisade Wall |
| 11:55 | Build | Palisade Gate |
| 11:56 | Create | Villager (Male) |
| 11:57 | Create | Villager (Male) |
| 12:01 | Build | House |
| 12:03 | Build | Palisade Wall |
| 12:15 | Build | Farm |
| 12:20 | Build | Farm |
| 12:23 | Create | Villager (Male) |
| 12:23 | Create | Villager (Male) |
| 12:55 | Create | Villager (Male) |
| 12:57 | Build | Farm |
| 12:58 | Build | Farm |
| 13:02 | Create | Villager (Male) |
| 13:28 | Build | House |
| 13:32 | Build | House |
| 13:54 | Build | House |
| 13:58 | Build | Palisade Wall |
| 14:03 | Build | Palisade Wall |
| 14:17 | Build | Farm |
| 14:18 | Build | Farm |
| 14:42 | Create | Villager (Male) |
| 14:43 | Create | Villager (Male) |
| 14:51 | Build | House |
| 14:52 | Build | Palisade Wall |
| 15:19 | Build | House |
| 15:22 | Build | Palisade Wall |
| 15:34 | Build | Farm |
| 15:47 | Build | Farm |
| 15:48 | Build | Farm |
| 15:48 | Build | Farm |
| 15:48 | Build | Farm |
| 15:55 | Build | Farm |
| 15:58 | Build | Farm |
| 16:01 | Build | Farm |
| 16:04 | Create | Villager (Male) |
| 16:05 | Create | Villager (Male) |
| 16:28 | Build | Mining Camp |
| 16:34 | Build | Palisade Wall |
| 16:45 | Create | Villager (Male) |
| 16:45 | Create | Villager (Male) |
| 17:22 | Create | Villager (Male) |
| 17:29 | Build | Market |
| 17:55 | Build | Farm |
| 18:18 | Research | Castle Age |
| 18:32 | Build | Mining Camp |
| 19:14 | Build | Blacksmith |
| 19:19 | Build | Palisade Gate |
| 19:57 | Create | Villager (Male) |
| 19:57 | Create | Villager (Male) |
| 20:20 | Research | Scale Barding Armor |
| 20:36 | Build | Palisade Wall |
| 20:52 | Build | Stable |
| 20:58 | Age | Castle Age |
| 21:02 | Create | Knight |
| 21:02 | Create | Knight |
| 21:05 | Research | Forging |
| 21:28 | Create | Villager (Male) |
| 21:36 | Create | Knight |
| 21:42 | Research | Husbandry |
| 21:44 | Create | Knight |
| 21:48 | Research | Gold Mining |
| 21:50 | Create | Villager (Male) |
| 21:51 | Create | Villager (Male) |
| 22:14 | Create | Knight |
| 23:01 | Create | Villager (Male) |
| 23:13 | Build | Town Center |
| 23:17 | Create | Knight |
| 23:19 | Create | Knight |
| 23:57 | Create | Villager (Male) |
| 23:58 | Create | Villager (Male) |
| 24:19 | Research | Chain Barding Armor |
| 24:21 | Create | Villager (Male) |
| 24:28 | Research | Bow Saw |
| 24:30 | Create | Villager (Male) |
| 24:53 | Build | Castle |
| 25:06 | Create | Villager (Male) |
| 25:07 | Create | Villager (Male) |
| 25:07 | Create | Villager (Male) |
| 25:09 | Create | Villager (Male) |
| 25:15 | Create | Villager (Male) |
| 25:35 | Create | Knight ×3 |
| 25:58 | Create | Villager (Male) |
| 25:58 | Create | Villager (Male) |
| 25:58 | Create | Villager (Male) |
| 26:12 | Build | Farm |
| 26:15 | Create | Villager (Male) |
| 26:15 | Create | Villager (Male) |
| 26:23 | Build | House |
| 26:25 | Build | House |
| 27:00 | Create | Villager (Male) |
| 27:00 | Create | Villager (Male) |
| 27:01 | Create | Villager (Male) |
| 27:01 | Create | Villager (Male) |
| 27:27 | Create | Villager (Male) |
| 27:27 | Create | Villager (Male) |
| 27:34 | Build | Mining Camp |
| 28:09 | Research | Pikeman (upgrade) |
| 28:13 | Create | Villager (Male) |
| 28:14 | Create | Villager (Male) |
| 28:16 | Build | House |
| 28:18 | Build | House |
| 28:29 | Build | Monastery |
| 28:31 | Create | Villager (Male) |
| 28:32 | Create | Villager (Male) |
| 28:49 | Build | Lumber Camp |
| 28:52 | Create | Villager (Male) |
| 29:11 | Build | Farm |
Build order — jaxteller
First 150 of 378 actions detected
| 0:01 | Create | Villager (Male) |
| 0:01 | Create | Villager (Male) |
| 0:02 | Create | Villager (Male) |
| 0:04 | Build | House |
| 0:07 | Build | House |
| 0:08 | Create | Villager (Male) |
| 1:30 | Create | Villager (Male) |
| 1:49 | Build | Lumber Camp |
| 2:06 | Create | Villager (Male) |
| 2:07 | Create | Villager (Male) |
| 2:27 | Create | Villager (Male) |
| 2:27 | Create | Villager (Male) |
| 3:14 | Create | Villager (Male) |
| 3:15 | Create | Villager (Male) |
| 3:40 | Create | Villager (Male) |
| 3:40 | Create | Villager (Male) |
| 3:43 | Build | House |
| 4:16 | Create | Villager (Male) |
| 4:39 | Create | Villager (Male) |
| 4:40 | Create | Villager (Male) |
| 4:44 | Create | Villager (Male) |
| 5:01 | Build | Mill |
| 6:06 | Create | Villager (Male) |
| 6:10 | Research | Loom |
| 6:11 | Research | Feudal Age |
| 6:40 | Build | House |
| 7:15 | Build | Lumber Camp |
| 7:32 | Build | Palisade Wall |
| 7:33 | Build | Palisade Wall |
| 7:34 | Build | Palisade Wall |
| 8:01 | Build | Barracks |
| 8:03 | Create | Villager (Male) |
| 8:31 | Build | Palisade Wall |
| 8:45 | Age | Feudal Age |
| 8:47 | Create | Villager (Male) |
| 8:47 | Create | Villager (Male) |
| 8:58 | Build | Palisade Wall |
| 8:59 | Build | Palisade Wall |
| 9:02 | Build | Palisade Wall |
| 9:04 | Build | Stable |
| 9:21 | Build | House |
| 9:28 | Build | Palisade Wall |
| 9:30 | Build | Palisade Wall |
| 9:32 | Build | Palisade Wall |
| 9:34 | Build | Palisade Wall |
| 9:40 | Create | Villager (Male) |
| 9:40 | Create | Villager (Male) |
| 9:44 | Build | Farm |
| 9:51 | Create | Scout Cavalry |
| 9:51 | Create | Scout Cavalry |
| 9:52 | Create | Scout Cavalry |
| 10:04 | Build | Farm |
| 10:12 | Build | Farm |
| 10:31 | Create | Villager (Male) |
| 10:34 | Create | Spearman |
| 10:39 | Build | Palisade Wall |
| 10:50 | Build | Palisade Wall |
| 10:52 | Build | Palisade Wall |
| 10:53 | Build | Palisade Wall |
| 10:59 | Build | Palisade Wall |
| 11:07 | Build | Palisade Wall |
| 11:08 | Build | Palisade Wall |
| 11:16 | Create | Villager (Male) |
| 11:17 | Create | Villager (Male) |
| 11:22 | Build | Palisade Wall |
| 11:27 | Create | Villager (Male) |
| 11:27 | Create | Villager (Male) |
| 11:38 | Build | Farm |
| 11:40 | Build | Farm |
| 11:42 | Build | Farm |
| 11:49 | Build | Farm |
| 12:05 | Build | House |
| 12:07 | Build | House |
| 12:10 | Create | Villager (Male) |
| 12:17 | Build | Farm |
| 12:46 | Build | Farm |
| 12:53 | Build | House |
| 13:01 | Build | Palisade Wall |
| 13:06 | Create | Spearman |
| 13:15 | Build | Palisade Wall |
| 13:17 | Build | Palisade Wall |
| 13:27 | Build | Palisade Wall |
| 13:54 | Create | Spearman |
| 14:17 | Build | Farm |
| 14:30 | Build | Farm |
| 14:39 | Create | Villager (Male) |
| 14:40 | Create | Villager (Male) |
| 14:40 | Create | Villager (Male) |
| 14:53 | Build | Farm |
| 14:55 | Build | Farm |
| 15:12 | Build | Palisade Wall |
| 15:18 | Create | Villager (Male) |
| 15:19 | Create | Villager (Male) |
| 15:21 | Build | Mining Camp |
| 15:24 | Create | Spearman |
| 15:24 | Create | Spearman |
| 16:03 | Create | Villager (Male) |
| 16:09 | Build | Farm |
| 16:11 | Build | Farm |
| 16:16 | Build | Farm |
| 16:24 | Build | House |
| 16:45 | Build | Palisade Wall |
| 16:48 | Create | Villager (Male) |
| 16:50 | Create | Villager (Male) |
| 17:01 | Create | Villager (Male) |
| 17:01 | Create | Villager (Male) |
| 17:13 | Build | Palisade Wall |
| 17:23 | Build | Farm |
| 17:25 | Build | Farm |
| 17:34 | Research | Wheelbarrow |
| 17:41 | Build | Palisade Wall |
| 17:58 | Build | House |
| 18:22 | Build | Palisade Wall |
| 19:05 | Build | Palisade Wall |
| 19:17 | Build | Blacksmith |
| 19:39 | Create | Villager (Male) |
| 19:59 | Research | Castle Age |
| 20:15 | Build | Palisade Gate |
| 20:43 | Create | Villager (Male) |
| 20:43 | Create | Villager (Male) |
| 20:46 | Build | Farm |
| 20:50 | Build | Farm |
| 20:58 | Build | House |
| 21:10 | Research | Gold Mining |
| 21:16 | Research | Double-Bit Axe |
| 21:24 | Research | Horse Collar |
| 21:42 | Research | Forging |
| 21:46 | Research | Scale Mail Armor |
| 22:10 | Create | Villager (Male) |
| 22:15 | Create | Spearman |
| 22:15 | Create | Spearman |
| 22:23 | Create | Villager (Male) |
| 22:44 | Age | Castle Age |
| 22:55 | Research | Bow Saw |
| 22:58 | Research | Pikeman (upgrade) |
| 23:15 | Create | Camel Scout |
| 23:15 | Create | Camel Scout |
| 23:15 | Create | Camel Scout |
| 23:16 | Create | Camel Scout |
| 23:17 | Create | Camel Scout |
| 23:18 | Create | Camel Scout |
| 23:27 | Research | Bloodlines |
| 23:28 | Research | Husbandry |
| 23:31 | Research | Iron Casting |
| 23:40 | Create | Villager (Male) |
| 24:06 | Create | Villager (Male) |
| 24:11 | Create | Camel Scout |
| 24:11 | Create | Camel Scout |
| 24:47 | Build | Town Center |
| 25:03 | Create | Villager (Male) |
Match timeline
| 7:32 | jaxteller · wall_segment Palisade Wall x1 |
| 7:33 | jaxteller · wall_segment Palisade Wall x1 |
| 7:34 | jaxteller · wall_segment Palisade Wall x1 |
| 7:35 | A Pink Elephant · first_building Barracks |
| 8:01 | jaxteller · first_building Barracks |
| 8:31 | jaxteller · wall_segment Palisade Wall x6 |
| 8:45 | jaxteller · age_up feudal |
| 8:58 | jaxteller · wall_segment Palisade Wall x1 |
| 8:59 | jaxteller · wall_segment Palisade Wall x1 |
| 9:02 | jaxteller · wall_segment Palisade Wall x1 |
| 9:04 | jaxteller · first_building Stable |
| 9:28 | jaxteller · wall_segment Palisade Wall x1 |
| 9:30 | jaxteller · wall_segment Palisade Wall x1 |
| 9:32 | jaxteller · wall_segment Palisade Wall x1 |
| 9:34 | jaxteller · wall_segment Palisade Wall x1 |
| 9:35 | A Pink Elephant · age_up feudal |
| 9:43 | A Pink Elephant · first_building Stable |
| 10:39 | jaxteller · wall_segment Palisade Wall x1 |
| 10:50 | jaxteller · wall_segment Palisade Wall x1 |
| 10:52 | jaxteller · wall_segment Palisade Wall x1 |
| 10:53 | jaxteller · wall_segment Palisade Wall x1 |
| 10:59 | jaxteller · wall_segment Palisade Wall x1 |
| 11:07 | jaxteller · wall_segment Palisade Wall x1 |
| 11:08 | jaxteller · wall_segment Palisade Wall x1 |
| 11:22 | jaxteller · wall_segment Palisade Wall x5 |
| 11:51 | A Pink Elephant · wall_segment Palisade Wall x7 |
| 12:03 | A Pink Elephant · wall_segment Palisade Wall x1 |
| 13:01 | jaxteller · wall_segment Palisade Wall x1 |
| 13:15 | jaxteller · wall_segment Palisade Wall x1 |
| 13:17 | jaxteller · wall_segment Palisade Wall x1 |
| 13:27 | jaxteller · wall_segment Palisade Wall x1 |
| 13:58 | A Pink Elephant · wall_segment Palisade Wall x6 |
| 14:03 | A Pink Elephant · wall_segment Palisade Wall x9 |
| 14:52 | A Pink Elephant · wall_segment Palisade Wall x1 |
| 15:12 | jaxteller · wall_segment Palisade Wall x1 |
| 15:22 | A Pink Elephant · wall_segment Palisade Wall x11 |
| 16:34 | A Pink Elephant · wall_segment Palisade Wall x2 |
| 16:45 | jaxteller · wall_segment Palisade Wall x1 |
| 17:13 | jaxteller · wall_segment Palisade Wall x1 |
| 17:41 | jaxteller · wall_segment Palisade Wall x1 |
| 18:14 | A Pink Elephant · first_market_sell 100 stone |
| 18:22 | jaxteller · wall_segment Palisade Wall x1 |
| 19:05 | jaxteller · wall_segment Palisade Wall x1 |
| 20:36 | A Pink Elephant · wall_segment Palisade Wall x1 |
| 20:58 | A Pink Elephant · age_up castle |
| 22:44 | jaxteller · age_up castle |
| 24:53 | A Pink Elephant · first_building Castle |
| 25:41 | jaxteller · wall_segment Palisade Wall x1 |
| 28:06 | jaxteller · wall_segment Palisade Wall x1 |
| 28:29 | A Pink Elephant · first_building Monastery |
| 32:00 | jaxteller · first_building Castle |
| 33:48 | jaxteller · first_market_buy 100 wood |
| 34:11 | jaxteller · first_building Monastery |
| 35:48 | A Pink Elephant · wall_segment Palisade Wall x6 |
| 36:00 | A Pink Elephant · wall_segment Palisade Wall x1 |
| 37:41 | jaxteller · age_up imperial |
| 39:31 | jaxteller · first_building Archery Range |
| 40:13 | A Pink Elephant · first_building Siege Workshop |
| 40:57 | A Pink Elephant · age_up imperial |
| 51:06 | jaxteller · resign |
[ AI ANALYSIS · 1 CREDIT ]
What really happened in this match?
Wolo.gg analyzes every decision: build order, eco, micro, common mistakes by bracket. Personalized analysis on WhatsApp or Discord in 30 seconds.
Civ guide
Franks
Perfil
A Pink Elephant